 Dungeon Crawl Stone Soup version 0.19-a0-1225-gf887c1c (webtiles) character file.

193 Deemzul the Skirmisher (level 5, -10/43 HPs)
             Began as a Demonspawn Berserker on Aug 26, 2016.
             Was a Priest of Trog.
             Engulfed by a cloud of flame (23 damage)
             ... on level 3 of the Dungeon.
             The game lasted 00:03:44 (2569 turns).

Deemzul the Skirmisher (Demonspawn Berserker)       Turns: 2569, Time: 00:03:46

Health: -10/43     AC:  2    Str: 17    XL:     5   Next: 44%
Magic:  5/5        EV: 18    Int:  9    God:    Trog [***...]
Gold:   178        SH:  0    Dex: 13    Spells: 0 memorised, 4 levels left

rFire  . . .     SeeInvis .     a - +0 spear
rCold  + . .     Gourm    .     b - +0 animal skin
rNeg   . . .     Faith    .     (no shield)
rPois  .         Spirit   .     (no helmet)
rElec  .         Dismiss  .     (no cloak)
rCorr  .         Reflect  .     (no gloves)
MR     .....     Harm     .     (no boots)
Stlth  +......... Rnd*Tele +    (no amulet)
                                l - +5 ring of evasion
                                g - ring of teleportation (curse)

@: very slightly contaminated
A: talons 1, cold resistance 1, demonic guardian 1, freezing cloud immunity
a: Berserk, Trog's Hand, Burn Spellbooks, Renounce Religion


You were on level 3 of the Dungeon.
You worshipped Trog.
Trog was most pleased with you.
You were not hungry.

You visited 1 branch of the dungeon, and saw 3 of its levels.

You collected 178 gold pieces.

Inventory:

Hand Weapons
 a - a +0 spear (weapon)
Armour
 b - a +0 animal skin (worn)
Jewellery
 g - a cursed ring of teleportation (left hand)
 l - a +5 ring of evasion (right hand)
Wands
 i - a wand of flame (48/48)
Scrolls
 h - 2 scrolls of identify
Potions
 d - 2 potions of berserk rage {unknown}
 e - a potion of brilliance {unknown}
 j - a potion of magic {unknown}
 k - a potion of curing {unknown}
 n - 2 potions of heal wounds
 p - 2 potions of degeneration {unknown}
 s - a potion of flight {unknown}
Comestibles
 c - a bread ration
 f - a royal jelly
 m - a meat ration
 q - a beef jerky


   Skills:
 * Level 4.9 Fighting
 - Level 2.6 Polearms
 + Level 3.0 Armour
 + Level 2.8 Dodging


You had 4 spell levels left.
You didn't know any spells.

Dungeon Overview and Level Annotations

Branches:
Dungeon (3/15)

Altars:


Innate Abilities, Weirdness & Mutations

You have sharp toenails.
Your flesh is cold resistant. (rC+)
A weak demonic guardian rushes to your aid.
You are immune to freezing clouds.


Message History

You hit the giant newt but do no damage.
The giant newt completely misses you.
You hit the giant newt.
You kill the giant newt!
Trog accepts your kill.
The hobgoblin shouts!
As you read the scroll labeled HAW OTSEGHORUUMAV, it crumbles to dust.
The creatures around you are filled with an inner flame!
It was a scroll of immolation.
You hit the hobgoblin.
The hobgoblin is heavily wounded.
The hobgoblin closely misses you.
You hit the hobgoblin.
The hobgoblin explodes!
The fiery explosion engulfs you!
Ouch! That really hurt!
Trog accepts your kill.
You are engulfed in roaring flames.
Ouch! That really hurt!
You die...

#.. ... ######.# #.# #.#
........ #.# #.#
######.# #####.#####.#
#.#
.#.......>..########+###
#.#
.#.#..######............
#..
...........%.§§.........
#..
####+#######§§..§§§.....
#.. ........#
#§§§.@§§..... #..
........# #§§§.§.§.....
#.. ........#
#..§......... ######..
........# #............
#....... ........#
#.....%..%... #.......
.###'#### #............
#....... .# #.#
.....######## #.......
.# #.# #####%# #.......
.# #.# ####.########
########


There were no monsters in sight!

Vanquished Creatures
  Terence (D:2)
  3 gnolls (D:2)
  5 adders
  2 worms (D:2)
  A dart slug (D:1)
  A giant gecko (D:1)
  4 orcs (D:3)
  2 ball pythons
  6 bats
  2 giant cockroaches
  15 goblins
  6 hobgoblins
  2 jackals (D:2)
  3 quokkas
  8 giant newts
  8 kobolds
  8 rats
77 creatures vanquished.

Vanquished Creatures (collateral kills)
  A gnoll (D:2)
  A rat (D:2)
2 creatures vanquished.

Grand Total: 79 creatures vanquished

Notes
Turn   | Place    | Note
-------+----------+-------------------------------------------
     0 | D:1      | Deemzul the Demonspawn Berserker began the quest for the Orb.
     0 | D:1      | Reached XP level 1. HP: 18/18 MP: 1/1
   180 | D:1      | Gained mutation: Your flesh is cold resistant. (rC+) [demonic ancestry]
   180 | D:1      | Reached XP level 2. HP: 14/24 MP: 2/2
   566 | D:1      | Gained mutation: You are immune to freezing clouds. [demonic ancestry]
   566 | D:1      | Reached XP level 3. HP: 29/29 MP: 3/3
   933 | D:2      | Reached skill level 4 in Fighting
   935 | D:2      | Reached ** piety under Trog
  1150 | D:2      | Noticed Terence
  1162 | D:2      | Killed Terence
  1162 | D:2      | Gained mutation: A weak demonic guardian rushes to your aid. [demonic ancestry]
  1162 | D:2      | Reached XP level 4. HP: 7/37 MP: 4/4
  1916 | D:2      | Gained mutation: You have sharp toenails. [demonic ancestry]
  1916 | D:2      | Reached XP level 5. HP: 26/43 MP: 5/5
  2235 | D:3      | Reached *** piety under Trog
  2569 | D:3      | Engulfed by a cloud of flame

Vault maps used:
D:1:      mrwooster_arrival_statue
D:2:      serial_forest, infiniplex_forest_clump_long,
          infiniplex_forest_clump_small, infiniplex_forest_lined_room_2,
          infiniplex_forest_clump_medium, infiniplex_forest_corner_2,
          uniq_terence

Skill      XL: |  1  2  3  4  5 |
---------------+----------------+-----
Armour         | 2 3 |  3.0
Dodging        | 2 |  2.8
Fighting       | 4 |  4.9
Polearms       | |  2.6

Action                   |  1- 3 |  4- 6 || total
-------------------------+-------+-------++-------
Melee: Spear             |   135 |   174 ||   309
       Kick              |       |     5 ||     5
Invok: Berserk           |     2 |     1 ||     3
  Use: Scroll            |       |     7 ||     7
 Stab: Distracted        |     1 |       ||     1
       Sleeping          |     2 |     1 ||     3
  Eat: Chunk             |     1 |     8 ||     9
Armor: Animal skin       |    19 |    13 ||    32
Dodge: Dodged            |    73 |   126 ||   199
